 Dungeon Crawl Stone Soup version 0.30-b1-2-g02819fbbbe (webtiles) character file.

Game seed: 10496124395759413593

493 Borgoz the Slasher (level 7, -4/53 HPs)
             Began as a Human Gladiator on June 25, 2023.
             Slain by Menkaure (17 damage)
             ... on level 4 of the Dungeon.
             The game lasted 00:03:33 (2529 turns).

Borgoz the Slasher (Human Gladiator)                Turns: 2529, Time: 00:03:34

Health: -4/53      AC:  6    Str: 16    XL:     7   Next: 37%
Magic:  7/7        EV: 12    Int:  9    God:
Gold:   206        SH:  0    Dex: 14    Spells: 6/6 levels left

rFire   . . .        a - +0 long sword
rCold   . . .        (no shield)
rNeg    . . .        k - +0 ring mail {rPois}
rPois   +            c - +0 helmet
rElec   .            (no cloak)
rCorr   +            (no gloves)
SInv    .            (no boots)
Will    .....        (no amulet)
Stlth   +            g - ring of resist corrosion
HPRegen 0.28/turn    (no ring)
MPRegen 0.10/turn

%: no passive effects
@: no status effects
A: no striking features
a: no special abilities


You were on level 4 of the Dungeon.
You visited 1 branch of the dungeon, and saw 4 of its levels.

You collected 206 gold pieces.

Inventory:

Hand Weapons
 a - a +0 long sword (weapon)
 b - a +0 long sword
Missiles
 e - a javelin (quivered)
Armour
 c - a +0 helmet (worn)
 j - a +1 leather armour of cold resistance
 k - a +0 ring mail of poison resistance (worn)
Jewellery
 f - a +6 ring of strength
 g - a ring of resist corrosion (left hand)
Scrolls
 d - a scroll of noise {unknown}
 h - a scroll of magic mapping {unknown}
 l - a scroll of enchant armour {unknown}


   Skills:
 + Level 3.7 Fighting
 * Level 5.4 Long Blades
 - Level 2.0 Throwing
 + Level 3.0 Armour
 + Level 4.3 Dodging


You had 6 spell levels left.
You didn't know any spells.
Your spell library contained the following spells:

 Spells                   Type           Power      Damage    Failure   Level
 Poisonous Vapours        Pois/Air       0%         N/A       75%         2
 Mephitic Cloud           Conj/Pois/Air  0%         N/A       92%         3
 Portal Projectile        Hex/Tloc       0%         N/A       92%         3
 Tukima's Dance           Hex            0%         N/A       92%         3
 Blade Hands              Tmut           0%         N/A       100%        5
 Freezing Cloud           Conj/Ice/Air   0%         6-21      100%        5


Dungeon Overview and Level Annotations

Branches:
Dungeon (4/15)
 Temple: D:4-7

Altars:
Elyvilon
Yredelemnul

Annotations:
D:4 Menkaure


Message History

There is an open door here.
You hit Menkaure but do no damage. You hit Menkaure.
Menkaure is moderately damaged.
Menkaure hits you!!
* * * LOW HITPOINT WARNING * * *
It was a potion of ambrosia.
You are confused.
You feel invigorated.
Menkaure gestures at you while chanting.
You struggle to resist.
Menkaure closely misses you. Menkaure closely misses you.
You bump into the rock wall.
You feel less invigorated.
You feel less confused. Menkaure closely misses you.
You hit Menkaure but do no damage.
Menkaure is lightly damaged.
You aren't carrying any potions.
You slash Menkaure!
Menkaure is severely damaged.
Menkaure completely misses you.
You hit Menkaure but do no damage.
Menkaure is severely damaged.
Your hearing returns.
Menkaure hits you.
You closely miss Menkaure.
Menkaure is severely damaged.
Menkaure casts a spell.
Menkaure seems to speed up.
You hit Menkaure but do no damage.
Menkaure is severely damaged.
Menkaure calls on the powers of darkness!
Your body is wracked with pain!
* * * LOW HITPOINT WARNING * * *
Menkaure barely misses you.
You hit Menkaure.
Menkaure is almost destroyed.
Menkaure hits you!
You die...

#......# #......#
#......# ######
#......# #.....
#......### +.....
#......... ##.....
#.........
.......#####.........
......M@...'.........
.......#...#.........
.......#+###......##+
###...........#####
#...........#
#........)..#
+...........#
#...........#####
###...........#


You could see Menkaure (fast).

Vanquished Creatures
  Grinder (D:3)
  Sigmund (D:3)
  5 adders
  2 worms (D:2)
  2 dart slugs (D:3)
  4 ball pythons
  6 endoplasms
  A giant cockroach (D:1)
  5 goblins
  6 hobgoblins
  3 jackals (D:1)
  5 kobolds
  2 quokkas
  7 bats
  4 frilled lizards
  5 rats
59 creatures vanquished.

Notes
Turn   | Place    | Note
-------+----------+-------------------------------------------
     0 | D:1      | Borgoz the Human Gladiator began the quest for the Orb.
     0 | D:1      | Reached XP level 1. HP: 16/16 MP: 1/1
    46 | D:1      | Reached XP level 2. HP: 5/22 MP: 2/2
   308 | D:1      | Reached XP level 3. HP: 24/27 MP: 3/3
   475 | D:1      | Reached skill level 1 in Armour
   794 | D:2      | Found a faded altar of an unknown god.
  1091 | D:2      | Reached XP level 4. HP: 20/34 MP: 4/4
  1439 | D:3      | Noticed Grinder
  1441 | D:3      | Paralysed by Grinder for 3 turns
  1451 | D:3      | Paralysed by Grinder for 5 turns
  1467 | D:3      | Paralysed by Grinder for 2 turns
  1479 | D:3      | Killed Grinder
  1480 | D:3      | Reached skill level 4 in Long Blades
  1480 | D:3      | Reached XP level 5. HP: 26/41 MP: 5/5
  1480 | D:3      | Reached XP level 6. HP: 30/47 MP: 6/6
  1574 | D:3      | Noticed Sigmund
  1744 | D:3      | Killed Sigmund
  1745 | D:3      | Reached skill level 5 in Long Blades
  1745 | D:3      | Reached XP level 7. HP: 37/53 MP: 7/7
  1818 | D:3      | Found a basalt altar of Yredelemnul.
  2316 | D:3      | Found a white marble altar of Elyvilon.
  2516 | D:4      | Noticed Menkaure
  2529 | D:4      | Slain by Menkaure

Illustrated notes

Levels and vault maps discovered:
D:1:      onia_arrival_mini_spirals, layout_basic, nrook_mini_backslash,
          hangedman_decor_peaks_small, minmay_tetromino_s4
D:2:      layout_basic, basic_ecumenical_altar
D:3:      layout_loops_ring, marbit_many_paths, mainiacjoe_overflow_alcove_2,
          uniq_sigmund, uniq_grinder
D:4:      layout_gridville, uniq_duvessa, uniq_menkaure

Skill      XL: |  1  2  3  4  5  6  7 |
---------------+----------------------+-----
Armour         | 1 2 3 |  3.0
Fighting       | 3 |  3.7
Long Blades    | 4 5 |  5.4
Dodging        | 4 |  4.3
Throwing       | |  2.0

Action                     |  1- 3 |  4- 6 |  7- 9 || total
---------------------------+-------+-------+-------++-------
  Melee: Long sword        |   110 |    48 |    36 ||   194
  Throw: Throwing net      |       |     6 |       ||     6
    Use: Potion            |       |     2 |     1 ||     3
         Scroll            |       |       |     2 ||     2
 Armour: Leather armour    |    26 |       |       ||    26
         Ring mail         |    17 |     8 |    10 ||    35
         Scale mail        |     9 |       |       ||     9
  Dodge: Dodged            |    80 |    18 |    20 ||   118
